| TOP OF THE 1ST |
|
Syracuse Chiefs batting - Pitching for Rochester Red Wings : RHP Dave J Schmidt
|
|
Pitching: RHP Dave J Schmidt
|
|
|
Batting: SHB Larry Lintz
|
0-0: Fly out, F4 (Line Drive, 4, EV 69.4 MPH)
|
|
Batting: RHB Phil Garner
|
0-0: Foul Ball, location: 2F 0-1: Ball 1-1: Called Strike 1-2: Ground out 5-3 (Groundball, 5S, EV 82.5 MPH)
|
|
Batting: RHB Jim G Wilson
|
0-0: Called Strike 0-1: Ground out 4-3 (Groundball, 4, EV 86.3 MPH)
|
| Top of the 1st over - 0 runs, 0 hits, 0 errors, 0 left on base; Syracuse 0 - Rochester 0 |
| BOTTOM OF THE 1ST |
|
Rochester Red Wings batting - Pitching for Syracuse Chiefs : RHP Gary Gentry
|
|
Pitching: RHP Gary Gentry
|
|
|
Batting: RHB Jerry Dybzinski
|
0-0: Ground out 6-3 (Groundball, 6, EV 86.3 MPH)
|
|
Batting: LHB Ed Amelung
|
0-0: Swinging Strike 0-1: Foul Ball, location: 2F 0-2: SINGLE (Groundball, 34D, EV 96.3 MPH)
|
|
Batting: SHB Jordan Ayala
|
0-0: Ball Ed Amelung steals 2nd base 1-0: Fly out, F9 (Flyball, 9LS, EV 86.9 MPH)
|
|
Batting: RHB Gerry Davis
|
0-0: Foul Ball, location: 2F 0-1: Ball 1-1: Foul Ball, location: 2F 1-2: DOUBLE (Line Drive, 89XD, EV 100.6 MPH) Ed Amelung scores
|
|
Batting: RHB Pat Casey
|
0-0: Swinging Strike 0-1: Called Strike 0-2: Foul Ball, location: 2F 0-2: Foul Ball, location: 2F 0-2: Ball 1-2: Strikes out swinging
|
| Bottom of the 1st over - 1 run, 2 hits, 0 errors, 1 left on base; Syracuse 0 - Rochester 1 |
| TOP OF THE 2ND |
|
Syracuse Chiefs batting - Pitching for Rochester Red Wings : RHP Dave J Schmidt
|
|
Batting: LHB Darryl Strawberry
|
0-0: Foul Ball, location: 2F 0-1: DOUBLE (Line Drive, 78M, EV 95.6 MPH)
|
|
Batting: LHB Wayne Gross
|
0-0: Called Strike 0-1: Foul Ball, location: 2F 0-2: Strikes out looking
|
|
Batting: RHB Amos Otis
|
0-0: Ball 1-0: Ball 2-0: Ball 3-0: Fly out, F8 (Line Drive, 8LM, EV 98.8 MPH)
|
|
Batting: RHB Dusty Baker
|
0-0: Called Strike 0-1: Ball 1-1: Ground out 6-3 (Groundball, 6, EV 84.4 MPH)
|
| Top of the 2nd over - 0 runs, 1 hit, 0 errors, 1 left on base; Syracuse 0 - Rochester 1 |
| BOTTOM OF THE 2ND |
|
Rochester Red Wings batting - Pitching for Syracuse Chiefs : RHP Gary Gentry
|
|
Batting: RHB Chris Johnston
|
0-0: Ground out 5-3 (Groundball, 56S, EV 83.1 MPH)
|
|
Batting: LHB Dave Falcone
|
0-0: Ball 1-0: SINGLE (Line Drive, 8RM, EV 98.1 MPH)
|
|
Batting: RHB Tom Brookens
|
0-0: Called Strike 0-1: Ground out 4-3 (Groundball, 4, EV 82.5 MPH) Dave Falcone to second
|
|
Batting: RHB Johnnie LeMaster
|
0-0: Called Strike 0-1: Called Strike 0-2: Strikes out swinging
|
| Bottom of the 2nd over - 0 runs, 1 hit, 0 errors, 1 left on base; Syracuse 0 - Rochester 1 |
| TOP OF THE 3RD |
|
Syracuse Chiefs batting - Pitching for Rochester Red Wings : RHP Dave J Schmidt
|
|
Batting: LHB Danny Goodwin
|
0-0: Called Strike 0-1: Ball 1-1: Ball 2-1: Called Strike 2-2: Ball 3-2: Strikes out swinging
|
|
Batting: LHB Jon Jimenez
|
0-0: Called Strike 0-1: Ball 1-1: Ground out 5-3 (Groundball, 56S, EV 87.5 MPH)
|
|
Batting: SHB Larry Lintz
|
0-0: Foul Ball, location: 2F 0-1: Called Strike 0-2: Ball 1-2: Strikes out swinging
|
| Top of the 3rd over - 0 runs, 0 hits, 0 errors, 0 left on base; Syracuse 0 - Rochester 1 |
| BOTTOM OF THE 3RD |
|
Rochester Red Wings batting - Pitching for Syracuse Chiefs : RHP Gary Gentry
|
|
Batting: RHB Jerry Dybzinski
|
0-0: Called Strike 0-1: Ball 1-1: Called Strike 1-2: Ball 2-2: Ball 3-2: Fly out, F8 (Flyball, 8LD, EV 104.4 MPH)
|
|
Batting: LHB Ed Amelung
|
0-0: Ball 1-0: Ball 2-0: Fly out, F6 (Line Drive, 6, EV 68.1 MPH)
|
|
Batting: SHB Jordan Ayala
|
0-0: Ball 1-0: Ball 2-0: Foul Ball, location: 2F 2-1: Foul Ball, location: 2F 2-2: Foul Ball, location: 2F 2-2: Ground out 6-3 (Groundball, 6D, EV 108.8 MPH)
|
| Bottom of the 3rd over - 0 runs, 0 hits, 0 errors, 0 left on base; Syracuse 0 - Rochester 1 |
| TOP OF THE 4TH |
|
Syracuse Chiefs batting - Pitching for Rochester Red Wings : RHP Dave J Schmidt
|
|
Batting: RHB Phil Garner
|
0-0: Fly out, F7 (Line Drive, 7, EV 97.5 MPH)
|
|
Batting: RHB Jim G Wilson
|
0-0: Ball 1-0: Ball 2-0: Reached on error, E5 (Groundball, 56D, EV 81.9 MPH)
|
|
Batting: LHB Darryl Strawberry
|
0-0: Ball 1-0: Foul Ball, location: 2F 1-1: Hit by Pitch Jim G Wilson to second
|
|
Batting: LHB Wayne Gross
|
0-0: Called Strike 0-1: Ball 1-1: Swinging Strike 1-2: Ball 2-2: Ball 3-2: Base on Balls Jim G Wilson to third Darryl Strawberry to second
|
|
Batting: RHB Amos Otis
|
0-0: Called Strike 0-1: Ball Wild Pitch! Jim G Wilson scores Darryl Strawberry to third Wayne Gross to second 1-1: Ball 2-1: Ball 3-1: Foul Ball, location: 2F 3-2: Fly out, F8 (Flyball, 8LD, EV 87.5 MPH) Runner from 3rd tags up, SCORES, throw by CF
|
|
Batting: RHB Dusty Baker
|
0-0: Ball 1-0: Called Strike 1-1: Fly out, F8 (Flyball, 8RS, EV 76.3 MPH)
|
| Top of the 4th over - 2 runs, 0 hits, 1 error, 1 left on base; Syracuse 2 - Rochester 1 |
| BOTTOM OF THE 4TH |
|
Rochester Red Wings batting - Pitching for Syracuse Chiefs : RHP Gary Gentry
|
|
Batting: RHB Gerry Davis
|
0-0: Ball 1-0: Ground out 6-3 (Groundball, 6, EV 106.3 MPH)
|
|
Batting: RHB Pat Casey
|
0-0: Fly out, F9 (Flyball, 9S, EV 90.6 MPH)
|
|
Batting: RHB Chris Johnston
|
0-0: Called Strike 0-1: Ball 1-1: Ball 2-1: Foul Ball, location: 2F 2-2: Foul Ball, location: 2F 2-2: Ball 3-2: Ground out 3-1 (Groundball, 34, EV 99.4 MPH)
|
| Bottom of the 4th over - 0 runs, 0 hits, 0 errors, 0 left on base; Syracuse 2 - Rochester 1 |
| TOP OF THE 5TH |
|
Syracuse Chiefs batting - Pitching for Rochester Red Wings : RHP Dave J Schmidt
|
|
Batting: LHB Danny Goodwin
|
0-0: Foul Ball, location: 2F 0-1: Foul Ball, location: 2F 0-2: SINGLE (Line Drive, 56D, EV 96.3 MPH)
|
|
Batting: LHB Jon Jimenez
|
0-0: Ball 1-0: Ball 2-0: Bunt missed! 2-1: Bunted foul 2-2: Foul Ball, location: 2F 2-2: Ground out 5-3 (Groundball, 5, EV 98.8 MPH) Danny Goodwin to second
|
|
Batting: SHB Larry Lintz
|
0-0: Called Strike 0-1: Ball 1-1: Ground out U3 (Groundball, 3S, EV 90.0 MPH) Danny Goodwin to third
|
|
Batting: RHB Phil Garner
|
0-0: Ball 1-0: Fly out, F1 (Line Drive, P, EV 73.8 MPH)
|
| Top of the 5th over - 0 runs, 1 hit, 0 errors, 1 left on base; Syracuse 2 - Rochester 1 |
| BOTTOM OF THE 5TH |
|
Rochester Red Wings batting - Pitching for Syracuse Chiefs : RHP Gary Gentry
|
|
Batting: LHB Dave Falcone
|
0-0: Fly out, F8 (Flyball, 89D, EV 98.1 MPH)
|
|
Batting: RHB Tom Brookens
|
0-0: Ground out 6-3 (Groundball, 6M, EV 80.6 MPH)
|
|
Batting: RHB Johnnie LeMaster
|
0-0: Called Strike 0-1: Called Strike 0-2: Ground out 2-3 (Groundball, 15S, EV 66.3 MPH)
|
| Bottom of the 5th over - 0 runs, 0 hits, 0 errors, 0 left on base; Syracuse 2 - Rochester 1 |
| TOP OF THE 6TH |
|
Syracuse Chiefs batting - Pitching for Rochester Red Wings : RHP Dave J Schmidt
|
|
Batting: RHB Jim G Wilson
|
0-0: Ball 1-0: Foul Ball, location: 2F 1-1: Called Strike 1-2: Strikes out looking
|
|
Batting: LHB Darryl Strawberry
|
0-0: Fly out, F7 (Flyball, 78S, EV 98.1 MPH)
|
|
Batting: LHB Wayne Gross
|
0-0: Called Strike 0-1: Foul Ball, location: 2F 0-2: Ball 1-2: Fly out, F9 (Flyball, 89D, EV 95.0 MPH)
|
| Top of the 6th over - 0 runs, 0 hits, 0 errors, 0 left on base; Syracuse 2 - Rochester 1 |
| BOTTOM OF THE 6TH |
|
Rochester Red Wings batting - Pitching for Syracuse Chiefs : RHP Gary Gentry
|
|
Batting: RHB Jerry Dybzinski
|
0-0: Fly out, F9 (Flyball, 9S, EV 90.6 MPH)
|
|
Batting: LHB Ed Amelung
|
0-0: Foul Ball, location: 2F 0-1: Ball 1-1: Foul Ball, location: 2F 1-2: SINGLE (Line Drive, 7LM, EV 93.1 MPH)
|
|
Batting: SHB Jordan Ayala
|
0-0: Called Strike 0-1: Fly out, F4 (Popup, 34, EV 63.1 MPH)
|
|
Batting: RHB Gerry Davis
|
0-0: Ball Ed Amelung steals 2nd base 1-0: Called Strike 1-1: Called Strike 1-2: Foul Ball, location: 2F 1-2: Ball 2-2: Ball 3-2: Strikes out swinging
|
| Bottom of the 6th over - 0 runs, 1 hit, 0 errors, 1 left on base; Syracuse 2 - Rochester 1 |
| TOP OF THE 7TH |
|
Syracuse Chiefs batting - Pitching for Rochester Red Wings : RHP Dave J Schmidt
|
|
Batting: RHB Amos Otis
|
0-0: Ball 1-0: Ball 2-0: Ball 3-0: Called Strike 3-1: SINGLE (Groundball, 4MS, EV 72.5 MPH) (infield hit)
|
|
Batting: RHB Dusty Baker
|
0-0: Ball 1-0: Fly out, F8 (Flyball, 8LXD, EV 101.3 MPH)
|
|
Batting: LHB Danny Goodwin
|
0-0: Foul Ball, location: 2F 0-1: Ball 1-1: Ball 2-1: Foul Ball, location: 2F 2-2: Foul Ball, location: 2F 2-2: Foul Ball, location: 2F 2-2: Fly out, F8 (Flyball, 78D, EV 90.0 MPH)
|
|
Batting: LHB Jon Jimenez
|
0-0: Called Strike 0-1: Called Strike 0-2: Ball 1-2: Strikes out swinging
|
| Top of the 7th over - 0 runs, 1 hit, 0 errors, 1 left on base; Syracuse 2 - Rochester 1 |
| BOTTOM OF THE 7TH |
|
Rochester Red Wings batting - Pitching for Syracuse Chiefs : RHP Gary Gentry
|
|
Batting: RHB Pat Casey
|
0-0: Ball 1-0: Foul Ball, location: 2F 1-1: Swinging Strike 1-2: Foul Ball, location: 2F 1-2: Foul Ball, location: 2F 1-2: SINGLE (Groundball, 6MD, EV 103.1 MPH)
|
|
Batting: RHB Chris Johnston
|
0-0: Ball 1-0: Swinging Strike 1-1: Foul Ball, location: 2F 1-2: Fly out, F8 (Flyball, 8RXD, EV 89.4 MPH)
|
|
Batting: LHB Dave Falcone
|
0-0: Called Strike 0-1: Ball 1-1: Ball 2-1: Foul Ball, location: 2F 2-2: Strikes out swinging
|
|
Batting: RHB Tom Brookens
|
0-0: Ball 1-0: Called Strike 1-1: Fly out, F4 (Flyball, 34D, EV 88.8 MPH)
|
| Bottom of the 7th over - 0 runs, 1 hit, 0 errors, 1 left on base; Syracuse 2 - Rochester 1 |
| TOP OF THE 8TH |
|
Syracuse Chiefs batting - Pitching for Rochester Red Wings : RHP Dave J Schmidt
|
|
Batting: SHB Larry Lintz
|
0-0: Foul Ball, location: 2F 0-1: Ground out 5-3 (Groundball, 56S, EV 89.4 MPH)
|
|
Batting: RHB Phil Garner
|
0-0: Called Strike 0-1: Foul Ball, location: 2F 0-2: Foul Ball, location: 2F 0-2: Foul Ball, location: 2F 0-2: Foul Ball, location: 2F 0-2: Ball 1-2: Fly out, F7 (Flyball, 7LS, EV 85.6 MPH)
|
|
Batting: RHB Jim G Wilson
|
0-0: Fly out, F8 (Flyball, 78D, EV 91.9 MPH)
|
| Top of the 8th over - 0 runs, 0 hits, 0 errors, 0 left on base; Syracuse 2 - Rochester 1 |
| BOTTOM OF THE 8TH |
|
Rochester Red Wings batting - Pitching for Syracuse Chiefs : RHP Gary Gentry
|
|
Batting: RHB Johnnie LeMaster
|
0-0: Fly out, F6 (Line Drive, 6, EV 61.9 MPH)
|
|
Batting: RHB Jerry Dybzinski
|
0-0: SINGLE (Groundball, 6S, EV 75.0 MPH) (infield hit)
|
|
Batting: LHB Ed Amelung
|
0-0: Ball 1-0: Ball 2-0: Reached on error, E3 (Groundball, 3, EV 87.5 MPH) Jerry Dybzinski to second
|
|
Batting: SHB Jordan Ayala
|
0-0: Called Strike 0-1: Fly out, F7 (Flyball, 7S, EV 84.4 MPH)
|
|
Batting: RHB Gerry Davis
|
0-0: Ball 1-0: Called Strike 1-1: Ball 2-1: Ball 3-1: Foul Ball, location: 2F 3-2: Foul Ball, location: 2F 3-2: Base on Balls Jerry Dybzinski to third Ed Amelung to second
|
|
Batting: RHB Pat Casey
|
0-0: Ball Wild Pitch! Jerry Dybzinski scores Ed Amelung to third Gerry Davis to second 1-0: Fly out, F9 (Flyball, 9LS, EV 81.3 MPH)
|
| Bottom of the 8th over - 1 run, 1 hit, 1 error, 2 left on base; Syracuse 2 - Rochester 2 |
| TOP OF THE 9TH |
|
Syracuse Chiefs batting - Pitching for Rochester Red Wings : RHP Dave J Schmidt
|
|
Pitching: LHP Ray Searage
|
|
|
Pinch Hitting: RHB Hubie Brooks
|
0-0: Called Strike 0-1: Ball 1-1: SINGLE (Groundball, 4M, EV 100.0 MPH) (infield hit)
|
|
Pinch Hitting: RHB Dave Meier
|
0-0: Called Strike 0-1: Foul Ball, location: 2F 0-2: Ball 1-2: Ball 2-2: Strikes out swinging
|
|
Batting: RHB Amos Otis
|
0-0: Called Strike 0-1: TRIPLE (Flyball, 78XD, EV 108.1 MPH) Hubie Brooks scores
|
|
Batting: RHB Dusty Baker
|
0-0: Intentional Walk
|
|
Batting: LHB Danny Goodwin
|
0-0: Called Strike 0-1: Swinging Strike 0-2: Strikes out swinging
|
|
Batting: LHB Jon Jimenez
|
0-0: Ground out 4-3 (Groundball, 34, EV 78.1 MPH)
|
| Top of the 9th over - 1 run, 2 hits, 0 errors, 2 left on base; Syracuse 3 - Rochester 2 |
| BOTTOM OF THE 9TH |
|
Rochester Red Wings batting - Pitching for Syracuse Chiefs : RHP Gary Gentry
|
|
Pitching: RHP Mel Stottlemyre Sr
|
|
|
Now at 3B: Dave Meier
|
|
|
Now in LF: Hector Cruz
|
|
|
Now in RF: Carlos May
|
|
|
Batting: RHB Chris Johnston
|
0-0: Called Strike 0-1: Fly out, F8 (Flyball, 89M, EV 85.0 MPH)
|
|
Batting: LHB Dave Falcone
|
0-0: SINGLE (Groundball, 6MD, EV 96.3 MPH)
|
|
Pinch Runner at 1st Mario Delgado:
|
|
|
Pinch Hitting: RHB Marc Rhea
|
0-0: Ball 1-0: Fielders Choice at 2nd, 6-4 (Groundball, 56D, EV 101.9 MPH)
|
|
Pinch Hitting: RHB Bob Pate
|
0-0: Ball 1-0: Ball 2-0: Foul Ball, location: 2F 2-1: Ball 3-1: Fly out, F3 (Popup, 23F, EV 92.5 MPH)
|
| Bottom of the 9th over - 0 runs, 1 hit, 0 errors, 1 left on base; Syracuse 3 - Rochester 2 |
|